 Dungeon Crawl Stone Soup version 0.31.0-11-ge490571c62 (webtiles) character file.

Game seed: 15868466826993742940

21356 Bnni the Impaler (level 13, -4/98 HPs)
             Began as a Formicid Fighter on Feb 7, 2024.
             Was a Priest of Hepliaklqana.
             Slain by a chaos spawn (9 damage)
             ... on level 13 of the Dungeon on Feb 8, 2024.
             The game lasted 00:26:09 (12687 turns).

Bnni the Impaler (Formicid Fighter)                Turns: 12687, Time: 00:26:10

Health: -4/98      AC: 14    Str: 32    XL:     13   Next: 19%
Magic:  16/19      EV: 10    Int:  9    God:    Hepliaklqana [***...]
Gold:   833        SH: 11    Dex: 19    Spells: 12/12 levels left

rFire   . . .        z - +1 halberd (venom)
rCold   . . .        c - +0 buckler
rNeg    + . .        J - +1 swamp dragon scales of Corolaol {rPois Str+7}
rPois   +            (helmet unavailable)
rElec   +            y - +0 cloak
rCorr   .            b - +1 pair of gloves of the Lonely Ships {-Tele rElec rN+ Dex+6}
SInv    +            t - +0 pair of boots
Will    +....        l - amulet of reflection
Stlth   +            A - ring of wizardry
HPRegen 0.36/turn    (no ring)
MPRegen 0.16/turn

%: reflection, wizardry (x1)
@: lethally poisoned (-4 -> -6)
A: reduced essence, permanent stasis, dig shafts and tunnels, antennae 3, four
strong arms
a: Dig, Shaft Self, Renounce Religion, Recall Ancestor, Ancestor Identity,
Transference


You were on level 13 of the Dungeon.
You worshipped Hepliaklqana.
Hepliaklqana was most pleased with you.
You visited 2 branches of the dungeon, and saw 14 of its levels.
You also visited: Ossuary and Bailey.

You collected 833 gold pieces.

Inventory:

Hand Weapons
 z - a +1 halberd of venom (weapon)
Missiles
 g - 33 poisoned darts
 o - 3 boomerangs
 F - 5 throwing nets
Armour
 b - the +1 pair of gloves of the Lonely Ships (worn) {-Tele rElec rN+ Dex+6}
   (You found it on level 9 of the Dungeon)

   Dex+6:     It affects your dexterity (+6).
   rElec:     It insulates you from electricity.
   rN+:       It protects you from negative energy.
   -Tele:     It prevents most forms of teleportation.
 c - a +0 buckler (worn)
 t - a +0 pair of boots (worn)
 y - a +0 cloak (worn)
 D - a +0 tower shield
 J - the +1 swamp dragon scales of Corolaol (worn) {rPois Str+7}
   (You took it off a spriggan in a bailey)

   Str+7:     It affects your strength (+7).
   rPois:     It protects you from poison
Jewellery
 l - an amulet of reflection (around neck)
 A - a ring of wizardry (left hand)
Wands
 a - a wand of roots (15)
 m - a wand of mindburst (9)
 q - a wand of flame (25)
 u - a wand of light (13)
 H - a wand of charming (15)
Scrolls
 n - 3 scrolls of vulnerability
 r - 2 scrolls of fear {unknown}
 v - a scroll of enchant armour {unknown}
 w - 6 scrolls of poison
 B - a scroll of acquirement {unknown}
 E - a scroll of immolation
 K - a scroll of enchant weapon {unknown}
 L - a scroll of summoning {unknown}
 N - a scroll of fog {unknown}
Potions
 d - 3 potions of might
 e - a potion of resistance {unknown}
 f - 5 potions of curing
 h - 5 potions of heal wounds {unknown}
 i - a potion of berserk rage {unknown}
 j - 3 potions of attraction {unknown}
 k - 2 potions of enlightenment
 s - 4 potions of lignification {unknown}
 x - a potion of degeneration {unknown}
 C - 2 potions of ambrosia {unknown}
 G - a potion of mutation {unknown}
 I - 2 potions of cancellation {unknown}
 M - a potion of experience {unknown}


   Skills:
 + Level 12.8 Fighting
 * Level 15.8 Polearms
 + Level 4.5 Armour
 + Level 5.3 Shields
 + Level 8.5 Invocations


You had 12 spell levels left.
You didn't know any spells.
Your spell library contained the following spells:

 Spells                   Type           Power      Damage    Failure   Level
 Shock                    Conj/Air       0%         1d3       26%         1
 Dazzling Flash           Conj/Hex       0%         N/A       56%         3
 Volatile Blastmotes      Fire/Tloc      0%         2d10      56%         3
 Airstrike                Air            0%         2d(0-16)  91%         4
 Summon Forest            Summ/Tloc      0%         N/A       99%         5
 Summon Mana Viper        Hex/Summ       0%         N/A       99%         5
 Starburst                Conj/Fire      0%         6d3       100%        6
 Summon Cactus Giant      Summ           0%         N/A       100%        6
 Maxwell's Capacitive Co  Air            0%         ∞         100%        8
 Swiftness                Air            Unusable   N/A       N/A         3

Dungeon Overview and Level Annotations

Branches:
Dungeon (13/15)            Temple (1/1) D:7            Lair (0/5) D:8
    Orc (0/2) D:9         Ossuary (visited)          Bailey (visited)
 Vaults: D:13-14

Altars:
Ashenzari
Cheibriados
Dithmenos
Elyvilon
Fedhas
Gozag
Hepliaklqana
Kikubaaqudgha
Makhleb
Nemelex Xobeh
Okawaru
Qazlal
Ru
Sif Muna
Trog
Uskayaw
Vehumet
Wu Jian
Xom
Yredelemnul
Zin
The Shining One

Shops:
D:3 [   D:9 (

Annotations:
D:10 3 runed translucent doors, Melody's ghost, journeyman TrFi


Innate Abilities, Weirdness & Mutations

Your life essence is reduced to manifest your ancestor. (-10% HP)
You cannot be hasted, slowed, berserked, paralysed or teleported.
You can dig through walls and to a lower floor.
You have a pair of large antennae on your head. (SInv)
Your four strong arms can wield two-handed weapons with a shield.


Message History

The orange demon stings you from afar.
* * * LOW HITPOINT WARNING * * *
Unknown command.
You slash the neqoxec!
The neqoxec is almost dead.
You feel sick.
Stabby McGee hits the soul eater with a +0 dagger of draining.
Unknown command.
You barely miss the neqoxec.
The neqoxec is almost dead.
You feel sick.
Stabby McGee barely misses the soul eater.
The soul eater hits Stabby McGee.
The neqoxec hits you.
* * * LOW HITPOINT WARNING * * *
The orange demon stings you but does no damage.
Stabby McGee barely misses the soul eater.
You closely miss the neqoxec.
The neqoxec is almost dead.
You feel sick.
Stabby McGee gestures at the soul eater while chanting.
The soul eater resists with almost no effort.
The soul eater hits Stabby McGee!!
The neqoxec closely misses you. The orange demon stings you from afar.
* * * LOW HITPOINT WARNING * * *
You slice the neqoxec!!
You kill the neqoxec!
You feel sick.
Stabby McGee gestures at the soul eater while chanting.
The soul eater resists with almost no effort.
The soul eater hits Stabby McGee.
Your life force feels restored.
Select a target.
Press: ? - help, Dir - move target, f/p - orange demon
Aim: an orange demon (severely wounded, very poisoned)
The floor.
The orange demon swaps with Stabby McGee!
You feel sick. The chaos spawn releases spores at you!
* * * LOW HITPOINT WARNING * * *
You are engulfed in flames!
You die...

***** **** ###### *,,,, ...*
#.4..###* *,,,, ...* #@#,,...*
*,,,, ...# #.#,....** *⌠,,,
...#############R#..∩..,** *,,**
............^..43.......,****,,*,
#..............§........,,,,,,,*,
#...........#######...##*,,,,,,*,
#...........#,,,,,*.### *,,,,,,*,
#...........#,{,,,*,# *,,,,,,*,
#..##########,,,,,*,* *,,,,,,**


You could see the friendly Stabby McGee the hexer, a soul eater (distracted,
ally target), an orange demon (very poisoned) and a chaos spawn.

Vanquished Creatures
  Gastronok (D:10)
  Harold (D:10)
  Erolcha (D:12)
  A centaur warrior (D:12)
  5 two-headed ogres
  Pikel (D:4)
  A deep elf pyromancer (D:11)
  Maurice (D:7)
  An ugly thing (D:12)
  A manticore (D:11)
  2 cyclopes (D:11)
  Joseph (D:9)
  Maggie (D:6)
  A kobold demonologist (D:12)
  A komodo dragon (D:9)
  3 trolls
  Prince Ribbit (D:7)
  A shadow (D:9)
  3 vampires
  A wraith (D:9)
  A wyvern (D:9)
  14 yaks
  2 ynoxinuls (D:13)
  4 vampire mosquitoes (D:12)
  A chaos spawn (D:13)
  A neqoxec (D:13)
  A steam dragon (D:8)
  Edmund (D:6)
  3 acid dragons
  2 water moccasins
  4 orc warriors
  A black bear (D:3)
  A sky beast (D:6)
  3 ice beasts
  6 ogres
  2 wolves (D:8)
  3 centaurs
  A lemure (D:3)
  A phantom (D:5)
  2 kobold brigands
  3 elf zombies (Ossuary)
  4 bullfrogs
  A gnoll sergeant (D:8)
  3 scorpions
  8 howler monkeys
  4 electric eels (D:8)
  A centaur zombie (Ossuary)
  10 hounds
  2 bombardier beetles
  8 orc priests
  3 iguanas
  2 human zombies (Ossuary)
  A sleepcap (D:8)
  Ijyb (D:3)
  16 orc wizards
  6 hound zombies (Ossuary)
  2 mummies (Ossuary)
  7 adders
  9 gnolls
  A white imp (D:6)
  6 adder zombies (Ossuary)
  2 ribbon worms (D:4)
  7 dart slugs
  37 orcs
  A ball python (D:2)
  3 bats
  5 endoplasms
  2 giant cockroaches
  2 gnoll zombies (Ossuary)
  4 goblins
  7 hobgoblins
  5 jackals
  6 quokkas
  A frilled lizard (D:1)
  9 jackal zombies (Ossuary)
  12 kobolds
  2 kobold zombies (Ossuary)
  6 orc zombies (Ossuary)
  4 rats
296 creatures vanquished.

Vanquished Creatures (collateral kills)
  A two-headed ogre (Bailey)
  3 spriggans (Bailey)
  3 yaks
  An ogre (Bailey)
  A gnoll (D:10)
  4 orcs
  2 goblins (D:10)
15 creatures vanquished.

Vanquished Creatures (others)
  3 hexers
  An orc wizard (D:11)
4 creatures vanquished.

Grand Total: 315 creatures vanquished

Notes
Turn   | Place    | Note
-------+----------+-------------------------------------------
     0 | D:1      | Bnni the Formicid Fighter began the quest for the Orb.
     0 | D:1      | Reached XP level 1. HP: 18/18 MP: 1/1
    74 | D:1      | Reached XP level 2. HP: 17/24 MP: 2/2
   323 | D:1      | Reached XP level 3. HP: 26/30 MP: 3/3
   347 | D:1      | Reached skill level 3 in Polearms
  1326 | D:2      | Reached XP level 4. HP: 37/37 MP: 4/4
  1497 | D:3      | Noticed a black bear
  1508 | D:3      | Killed a black bear
  1509 | D:3      | Reached skill level 4 in Polearms
  1509 | D:3      | Reached XP level 5. HP: 24/43 MP: 5/5
  1667 | D:3      | Found an ancient bone altar of Kikubaaqudgha.
  1674 | D:3      | Found Dituegef's Antique Armour Shop.
  1902 | D:3      | Noticed Ijyb
  1919 | D:3      | Killed Ijyb
  1920 | D:3      | Reached XP level 6. HP: 50/50 MP: 6/6
  1962 | D:3      | Found a faded altar of an unknown god.
  2141 | D:4      | Reached skill level 5 in Polearms
  2141 | D:4      | Found a burning altar of Makhleb.
  2231 | D:4      | Reached skill level 5 in Fighting
  2438 | D:4      | Found a sand-covered staircase.
  2443 | Ossuary  | Entered an ossuary
  2514 | Ossuary  | Reached XP level 7. HP: 49/56 MP: 7/7
  2600 | Ossuary  | Reached skill level 6 in Polearms
  2732 | Ossuary  | HP: 2/58 [adder zombie (3)]
  2755 | Ossuary  | Reached XP level 8. HP: 18/64 MP: 8/8
  2767 | Ossuary  | Reached skill level 7 in Polearms
  3060 | D:4      | Found a shadowy altar of Dithmenos.
  3329 | D:4      | Noticed Pikel
  3358 | D:4      | Killed Pikel
  3359 | D:4      | Reached skill level 8 in Polearms
  3705 | D:4      | Found a basalt altar of Yredelemnul.
  3708 | D:4      | Found a sacrificial altar of Ru.
  3712 | D:4      | Found a bloodstained altar of Trog.
  3712 | D:4      | Found a blossoming altar of Fedhas.
  3716 | D:4      | Found an iron altar of Okawaru.
  3717 | D:4      | Found a glowing silver altar of Zin.
  3853 | D:5      | Entered Level 5 of the Dungeon
  3953 | D:5      | Noticed a yak
  3954 | D:5      | Noticed a yak
  3954 | D:5      | Noticed a yak
  3954 | D:5      | Noticed a yak
  3954 | D:5      | Noticed a yak
  3965 | D:5      | Reached XP level 9. HP: 64/72 MP: 9/9
  3973 | D:5      | Reached skill level 9 in Polearms
  3999 | D:5      | Reached skill level 10 in Polearms
  5025 | D:6      | Reached XP level 10. HP: 74/82 MP: 10/10
  5044 | D:6      | Reached skill level 11 in Polearms
  5303 | D:6      | Noticed Maggie
  5340 | D:6      | Killed Maggie
  5871 | D:6      | Noticed Edmund
  5886 | D:6      | Killed Edmund
  6272 | D:7      | Noticed Prince Ribbit
  6284 | D:7      | Reached skill level 12 in Polearms
  6291 | D:7      | Killed Prince Ribbit
  6292 | D:7      | Reached skill level 10 in Fighting
  6294 | D:7      | Found an ornate altar of the Wu Jian Council.
  6640 | D:7      | Noticed Maurice
  6649 | D:7      | Killed Maurice
  6700 | D:7      | Found a staircase to the Ecumenical Temple.
  6723 | Temple   | Entered the Ecumenical Temple
  6754 | Temple   | Became a worshipper of Hepliaklqana the Forgotten
  7061 | D:8      | Reached skill level 1 in Invocations
  7100 | D:8      | Noticed a two-headed ogre
  7106 | D:8      | Killed a two-headed ogre
  7107 | D:8      | Reached XP level 11. HP: 85/92 MP: 10/12
  7471 | D:8      | Reached skill level 13 in Polearms
  8037 | D:8      | Found a staircase to the Lair.
  8387 | D:9      | Noticed a two-headed ogre
  8394 | D:9      | Killed a two-headed ogre
  8398 | D:9      | Identified the +1 pair of gloves of the Lonely Ships {-Tele
                  | rElec rN+ Dex+6}
  8484 | D:9      | Found a stormy altar of Qazlal.
  8488 | D:9      | Found Asuth's Weapon Boutique.
  8529 | D:9      | Noticed Joseph
  8539 | D:9      | Killed Joseph
  8545 | D:9      | Found a staircase to the Orcish Mines.
  8562 | D:9      | Reached * piety under Hepliaklqana
  8737 | D:9      | Reached skill level 5 in Invocations
  9073 | D:10     | Entered Level 10 of the Dungeon
  9119 | D:10     | Found a sparkling altar of Nemelex Xobeh.
  9137 | D:10     | Noticed a two-headed ogre
  9153 | D:10     | Killed a two-headed ogre
  9154 | D:10     | Reached skill level 14 in Polearms
  9400 | D:10     | Found a snail-covered altar of Cheibriados.
  9420 | D:10     | Reached ** piety under Hepliaklqana
  9421 | D:10     | Remembered your ancestor Stabby McGee as a hexer
  9447 | D:10     | Found a flagged portal.
  9459 | Bailey   | Entered a bailey
  9576 | Bailey   | Reached XP level 12. HP: 89/90 MP: 16/16
  9588 | Bailey   | Noticed a two-headed ogre
  9588 | Bailey   | Identified the +1 swamp dragon scales of Corolaol {rPois
                  | Str+7}
  9598 | Bailey   | Killed a two-headed ogre
  9749 | Bailey   | Identified the +4 rapier of Nosiozaji {antimagic, Int+9
                  | Dex-2}
  9950 | D:10     | Noticed Harold
  9960 | D:10     | Killed Harold
  9961 | D:10     | Noticed Gastronok
  9965 | D:10     | Found a runed translucent gate.
  9966 | D:10     | Found a runed translucent gate.
  9966 | D:10     | Noticed Melody's ghost (journeyman TrFi)
  9967 | D:10     | Found a runed translucent gate.
  9967 | D:10     | Noticed a 12-headed hydra
  9978 | D:10     | Killed Gastronok
 10596 | D:11     | Reached skill level 15 in Polearms
 11074 | D:11     | Reached *** piety under Hepliaklqana
 11350 | D:11     | Identified the +6 short sword "Heasaykh" {venom, rC+ rCorr}
 11756 | D:12     | Noticed a two-headed ogre
 11764 | D:12     | Killed a two-headed ogre
 11813 | D:12     | Noticed a two-headed ogre
 11818 | D:12     | Killed a two-headed ogre
 11965 | D:12     | Noticed a centaur warrior
 11966 | D:12     | Noticed a sun demon
 11977 | D:12     | Killed a centaur warrior
 11978 | D:12     | Reached XP level 13. HP: 62/98 MP: 19/19
 12271 | D:12     | Noticed Erolcha
 12284 | D:12     | Killed Erolcha
 12285 | D:12     | Reached skill level 5 in Shields
 12687 | D:13     | Slain by a chaos spawn

Illustrated notes

Levels and vault maps discovered:
D:1:      psy_arrival_dodecagon, layout_basic, minmay_close_crescents
D:2:      layout_basic
D:3:      layout_basic, mainiacjoe_overflow_catwalk, serial_shops, shop,
          basic_ecumenical_altar, uniq_ijyb
D:4:      minmay_skewed_foursquare, layout_cave_pools,
          grunt_temple_overflow_open, minitemple, enter_ossuary_2,
          serial_bayou_pond_e, grunt_tough_drop, uniq_pikel
D:5:      layout_rooms, roderic_lattice_a
D:6:      minmay_spotlight, layout_loops_ring, uniq_edmund, uniq_maggie
D:7:      layout_gridville, nicolae_wu_jian_wuxing_cycle,
          minmay_temple_entry_sparse_star, chequers_serial_rivers_micro_d,
          uniq_maurice, uniq_prince_ribbit1
D:8:      layout_gridville, erik_lair_island
D:9:      layout_stronghold, grunt_qazlal_sundering, orc_0_dummy, serial_shops,
          shop, uniq_joseph
D:10:     layout_stronghold, cheibriados_altar_1, amcnicky_altar_gilded,
          lightli_bailey_entry_fortress, gammafunk_ghost_hydra_chop,
          uniq_gastronok, uniq_harold
D:11:     layout_basic, billiards_dpeg
D:12:     nicolae_BIG_FREAKIN_CUBE, layout_gridville, uniq_erolcha
D:13:     layout_irregular_city, serial_demonic, serial_demonic_g,
          serial_demonic_e, serial_demonic_a, serial_demonic_d,
          serial_demonic_b, serial_demonic_g, serial_demonic_a,
          gauntlet_entry_generic, nicolae_shop_vocational, uniq_rupert
Temple:   grunt_temple_mini_profane

Skill      XL: |  1  2  3  4  5  6  7  8  9 10 11 12 13 |
---------------+----------------------------------------+-----
Polearms       | 3 4 5 6 8 10 12 14 15 | 15.8
Fighting       | 4 5 6 7 8 10 11 12 | 12.8
Invocations    | 2 5 8 |  8.5
Armour         | 4 |  4.5
Shields        | 5 |  5.3

Action                     |  1- 3 |  4- 6 |  7- 9 | 10-12 | 13-15 || total
---------------------------+-------+-------+-------+-------+-------++-------
  Melee: Trident           |    79 |   142 |   394 |    60 |       ||   675
         Halberd           |       |       |       |   481 |    59 ||   540
  Throw: Dart              |       |       |       |     5 |       ||     5
 Invoke: Recall Ancestor   |       |       |       |     1 |       ||     1
         Ancestor Life: He |       |       |       |     1 |       ||     1
         Ancestor Identity |       |       |       |     1 |       ||     1
         Transference      |       |       |       |       |     1 ||     1
Ability: Dig               |       |     1 |     1 |       |       ||     2
  Evoke: Wand              |       |       |     1 |    16 |       ||    17
    Use: Scroll            |       |     4 |     1 |     7 |     1 ||    13
         Potion            |       |       |     4 |     1 |     1 ||     6
   Stab: Invisible         |       |       |     2 |     3 |       ||     5
         Confused          |       |       |       |     6 |       ||     6
         Distracted        |       |       |       |     2 |     2 ||     4
         Held in net/web   |       |       |       |     2 |       ||     2
 Armour: Plate armour      |    51 |    93 |   377 |   192 |       ||   713
         Swamp dragon scal |       |       |       |    28 |    34 ||    62
  Dodge: Dodged            |    14 |    28 |   123 |    66 |    17 ||   248
  Block: Buckler           |    23 |    54 |   250 |   173 |    17 ||   517
         Reflection        |       |     1 |     2 |    13 |       ||    16
